AoeStats
← Mr. Penis

QS Arena

503577705Analyzed
4v4 RM · 1mo ago on Sep 1, 2026· 52m 24s· 8 players
Game mode
Random Map
Map size
Large (8 player)
Population
200
Speed
Normal
Resources
Standard
Victory
Conquest
Starting age
Dark Age
Ending age
Imperial Age
RankedLock teamsTeams togetherTeam positionsShared explorationLock speedFull tech treeHidden civsTurbo modeCheats
Victory
Defeat
🇩🇪 Muisca · Germany
1506
+8
🇩🇪 Romans · Germany
1432
+11
🇩🇪 Khmer · Germany
1410
+12
🇩🇪 Spanish · Germany
1144
+23
🇧🇪 Turks · Belgium
1376
-16
🇹🇼 Mongols · Taiwan
1335
-14
1320
-14
🇷🇺 Jurchens · Russia
1239
-10
与卿再世相逢日 玉树临
8:32 Feudal Age
12:39 Castle Age
10:27 Double-Bit Axe
11:37 Horse Collar
14:14 Loom
18:25 Scale Mail Armor
22:25 Chain Mail Armor
23:26 Bow Saw
26:08 Heavy Plow
28:38 Wheelbarrow
29:24 Forging
29:38 Gold Mining
34:42 Bloodlines
34:53 Husbandry
34:59 Scale Barding Armor
34:55 Light Cavalry
37:15 Chain Barding Armor
40:25 Guard Tower
40:59 Ballistics
43:56 Imperial Age
42:07 Hand Cart
42:51 Masonry
42:55 Fortified Wall
46:58 Iron Casting
48:42 Keep
47:56 Arrowslits
49:27 Chemistry
49:51 Masonry
50:46 Chemistry
49:48 Murder Holes
托尼
8:21 Feudal Age
12:21 Castle Age
10:18 Double-Bit Axe
10:34 Horse Collar
13:30 Bow Saw
19:26 Loom
22:42 Wheelbarrow
22:19 Gold Mining
22:22 Stone Mining
27:00 Imperial Age
24:37 Fletching
24:48 Padded Archer Armor
25:55 Bodkin Arrow
27:00 Gold Shaft Mining
27:06 Stone Shaft Mining
27:33 Leather Archer Armor
27:29 Forging
27:24 Scale Barding Armor
27:44 Ballistics
27:46 Bloodlines
27:37 Husbandry
27:01 Light Cavalry
28:14 Town Watch
28:13 Elite Mangudai
29:37 Hand Cart
29:25 Bracer
30:34 Chemistry
30:05 Conscription
30:18 Parthian Tactics
30:19 Thumb Ring
31:24 Hussar
32:45 Iron Casting
32:30 Chain Barding Armor
34:29 Blast Furnace
39:02 Scale Mail Armor
Daan
3:17 Loom
10:32 Feudal Age
14:33 Castle Age
13:21 Horse Collar
13:43 Double-Bit Axe
19:46 Bow Saw
19:28 Town Watch
25:13 Imperial Age
24:28 Gold Mining
25:10 Heavy Plow
25:22 Bow Saw
25:52 Wheelbarrow
25:21 Padded Archer Armor
33:45 Gold Shaft Mining
47:00 Hand Cart
48:56 Caravan
Mr. Penis
8:44 Feudal Age
12:47 Castle Age
10:31 Horse Collar
10:50 Double-Bit Axe
17:04 Wheelbarrow
16:45 Bow Saw
17:53 Fervor
18:02 Heavy Plow
17:55 Loom
19:07 Gold Mining
22:06 Wheelbarrow
22:34 Sanctity
24:23 Hand Cart
23:53 Town Watch
24:54 Gold Shaft Mining
24:10 Stone Mining
25:47 Stone Shaft Mining
28:23 Imperial Age
26:33 Town Patrol
29:24 Siege Engineers
29:00 Treadmill Crane
29:31 Fortified Wall
30:53 Ballistics
31:34 Chemistry
30:45 Masonry
33:03 Conscription
32:53 Thunderclap Bombs
32:54 Squires
32:15 Pikeman
34:01 Scale Mail Armor
34:12 Forging
33:52 Fletching
33:27 Halberdier
36:57 Chain Mail Armor
37:18 Iron Casting
37:25 Crop Rotation
38:02 Two-Man Saw
43:11 Hoardings
42:06 Elite Iron Pagoda
43:00 Bloodlines
42:50 Husbandry
43:27 Architecture
43:05 Scale Barding Armor
44:01 Blast Furnace
43:37 Fortified Bastions
43:47 Bodkin Arrow
44:32 Guilds
44:53 Coinage
KIV.4dd44
7:48 Feudal Age
11:55 Castle Age
9:40 Horse Collar
10:16 Double-Bit Axe
12:48 Bow Saw
17:38 Redemption
21:29 Sanctity
25:16 Wheelbarrow
26:44 Scale Mail Armor
30:03 Loom
34:04 Imperial Age
31:37 Heavy Plow
32:34 Chain Mail Armor
32:29 Forging
32:13 Fletching
32:23 Padded Archer Armor
33:21 Hand Cart
33:53 Chain Mail Armor
33:48 Forging
33:37 Bodkin Arrow
33:58 Leather Archer Armor
34:04 Ballistics
33:51 Town Watch
34:51 Bracer
35:58 Chemistry
34:31 Crossbowman
35:40 Thumb Ring
35:07 Capped Ram
35:46 Arbalester
40:03 Two-Man Saw
38:53 Gold Mining
38:54 Stone Mining
41:17 Siege Engineers
41:19 Treadmill Crane
43:23 Herbalism
44:49 Gold Shaft Mining
44:45 Crop Rotation
44:52 Stone Shaft Mining
45:16 Coinage
45:42 Masonry
48:32 Banking
51:59 Conscription
4k1m
8:24 Feudal Age
11:34 Castle Age
10:37 Double-Bit Axe
11:26 Horse Collar
21:31 Loom
22:36 Bow Saw
22:31 Heavy Plow
25:52 Imperial Age
25:15 Bloodlines
25:05 Husbandry
25:08 Gold Mining
25:08 Stone Mining
26:38 Scale Barding Armor
26:44 Forging
26:04 Elite Battle Elephant
27:46 Wheelbarrow
28:08 Chain Barding Armor
30:08 Plate Barding Armor
31:54 Tusk Swords
33:11 Devotion
34:18 Iron Casting
34:37 Coinage
40:32 Conscription
41:22 Blast Furnace
42:24 Caravan
44:23 Capped Ram
49:11 Padded Archer Armor
49:06 Fletching
49:15 Siege Ram
luis13Lord
2:41 Loom
9:19 Feudal Age
10:10 Double-Bit Axe
12:40 Castle Age
11:37 Horse Collar
23:52 Imperial Age
26:33 Bow Saw
26:21 Gold Mining
32:57 Chemistry
35:08 Heavy Plow
39:49 Pikeman
40:31 Squires
40:19 Arson
42:08 Caravan
41:52 Halberdier
42:39 Scale Mail Armor
42:49 Forging
43:55 Wheelbarrow
43:59 Chain Mail Armor
45:57 Iron Casting
46:03 Plate Mail Armor
50:23 Blast Furnace
LukasPlanet
8:03 Feudal Age
11:35 Castle Age
9:50 Double-Bit Axe
10:08 Horse Collar
12:41 Bow Saw
12:57 Heavy Plow
13:34 Loom
18:46 Wheelbarrow
20:50 Hand Cart
20:44 Gold Mining
20:47 Stone Mining
25:08 Imperial Age
23:37 Gold Shaft Mining
23:21 Loom
24:52 Ballistics
27:24 Chemistry
27:13 Ballistas
26:45 Heavy Scorpion
28:22 Town Watch
28:50 Siege Engineers
29:39 Town Patrol
32:36 Conscription
33:12 Coinage
32:52 Guilds
32:53 Fletching
35:04 Fortified Wall
35:05 Masonry
36:25 Crop Rotation
38:25 Capped Ram
41:14 Banking
41:04 Caravan
41:53 Siege Ram
Connection lost

Rejoining the realm…

Still unreachable

The connection could not be restored.

Session expired

The server has moved on; the page needs a fresh start.